 Dungeon Crawl Stone Soup version 0.26-a0-84-g8c18429211 (webtiles) character file.

Game seed: 10286918579535942551

722 Harbin the Shield-Bearer (level 7, -7/66 HPs)
             Began as a Deep Dwarf Fighter on June 19, 2020.
             Killed by nerve-wracking pain
             ... invoked by a shadow imp
             ... summoned by Natasha
              (11 damage)
             ... on level 4 of the Dungeon.
             The game lasted 00:20:23 (2519 turns).

Harbin the Shield-Bearer (Deep Dwarf Fighter)       Turns: 2519, Time: 00:20:23

Health: -7/66      AC: 15    Str: 19 (21) XL:     7   Next: 43%
Magic:  7/7        EV:  6    Int:  7 (9)  God:
Gold:   174        SH: 10    Dex: 11 (12) Spells: 6/6 levels left

rFire    . . .     SeeInvis .   a - +1 war axe
rCold    . . .     Gourm    .   c - +0 kite shield
rNeg     . . .     Faith    .   i - +0 chain mail
rPois    .         Spirit   .   l - +2 hat
rElec    .         Reflect  .   q - +1 cloak
rCorr    .         Harm     .   (no gloves)
MR       +....                  u - +0 pair of boots
Stlth    ..........             (no amulet)
HPRegen  0.00/turn              o - ring of flight
MPRegen  0.10/turn              (no ring)

@: non-regenerating
A: damage resistance, heal wounds, sense surroundings 1, no regeneration
a: Heal Wounds, Evoke Flight


You were on level 4 of the Dungeon.
You were not hungry.

You visited 1 branch of the dungeon, and saw 4 of its levels.

You collected 188 gold pieces.
You spent 14 gold pieces at shops.

Inventory:

Hand Weapons
 a - a +1 war axe (weapon)
 e - a +0 hand axe
Missiles
 s - 6 boomerangs (quivered)
Armour
 b - a +0 scale mail
 c - a +0 kite shield (worn)
 i - a +0 chain mail (worn)
 l - a +2 hat (worn)
 m - a +0 robe of resistance
 q - a +1 cloak (worn)
 u - a +0 pair of boots (worn)
Jewellery
 o - a ring of flight (left hand)
Wands
 h - a wand of digging (6)
Scrolls
 g - a scroll of random uselessness
 n - a scroll of identify
Potions
 d - 6 potions of curing
 j - 2 potions of flight
 k - a potion of lignification
 t - 2 potions of stabbing
Comestibles
 f - 11 rations
 w - 2 chunks of flesh


   Skills:
 + Level 4.4 Fighting
 + Level 4.9 Axes
 - Level 5.0 Armour
 - Level 3.0 Dodging
 + Level 5.3 Shields


You had 6 spell levels left.
You didn't know any spells.
Your spell library contained the following spells:

 Spells                   Type           Power        Failure   Level  Hunger
 Animate Skeleton         Necr           N/A          100%        1    ##.....
 Apportation              Tloc           #.....       100%        1    ##.....
 Corona                   Hex            #......      100%        1    ##.....
 Summon Small Mammal      Summ           #...         100%        1    ##.....


Dungeon Overview and Level Annotations

Branches:
Dungeon (4/15)
 Temple: D:4-7

Altars:

Shops:
D:4 ?%*

Annotations:
D:4 Natasha


Innate Abilities, Weirdness & Mutations

You are resistant to damage.
You can heal yourself by infusing magical energy.
You passively map a small area around you.
You do not regenerate.


Message History

There is an entrance to Hoacwikhi's Magic Scroll Shoppe here.
g - a scroll of random uselessness Thank you for shopping at Hoacwikhi's Magic Scroll Shoppe!
Some of the chunks of flesh in your inventory have rotted away.
There is an abandoned shop here.
This shop appears to be closed.
Press: ? - help, v - describe, . - travel The floor.
Natasha, Servant of Life and Death comes into view.
Natasha casts a spell.
There is an abandoned shop here.
You see here a short sword.
Throwing (i - inventory)
s - 6 boomerangs (quivered)
Press: ? - help, Shift-Dir - straight line, f - shadow imp
Aim: a shadow imp (summoned)
You throw a boomerang. The boomerang hits the shadow imp.
The shadow imp is lightly wounded.
The shadow imp gestures at you. Pain shoots through your body!
You die...

*,* #####...........#
*,*****##...............#
*,,,,,,,.....####.#######
*,******#.##.# ##.## *,*
#h##.###...####### *,*
#5.∩.##......<.... *,*
#....##....###.###
*,#######∩.∩.##.#.## #.#
*,.......@...##.#.# #.#
**#######.#..##.#.# #.#
#.#..##.#.# #÷# #
#.........####.###
####............(.
######........>
######.... #####


You could see Natasha and a shadow imp (summoned).

Vanquished Creatures
  Sigmund (D:3)
  A phantom (D:4)
  An ogre (D:4)
  2 hounds (D:4)
  A centaur skeleton (D:4)
  An orc wizard (D:4)
  Jessica (D:3)
  5 worker ants (D:4)
  2 hound skeletons (D:4)
  6 adders
  An ooze (D:4)
  A leopard gecko (D:2)
  7 orcs (D:4)
  4 giant cockroaches
  7 goblins
  5 hobgoblins
  6 kobolds
  2 quokkas (D:4)
  A ball python skeleton (D:4)
  3 bats (D:1)
  2 frilled lizards
  7 rats
67 creatures vanquished.

Notes
Turn   | Place    | Note
-------+----------+-------------------------------------------
     0 | D:1      | Harbin the Deep Dwarf Fighter began the quest for the Orb.
     0 | D:1      | Reached XP level 1. HP: 20/20 MP: 1/1
   254 | D:1      | Reached XP level 2. HP: 20/27 MP: 2/2
   729 | D:2      | Reached skill level 1 in Dodging
   729 | D:2      | Reached XP level 3. HP: 24/33 MP: 3/3
   767 | D:2      | You fall into a shaft and drop 1 floor!
   818 | D:3      | Noticed Jessica
   850 | D:3      | Killed Jessica
   968 | D:3      | Noticed Sigmund
   973 | D:3      | Reached XP level 4. HP: 21/42 MP: 4/4
   992 | D:3      | Killed Sigmund
   992 | D:3      | Reached XP level 5. HP: 34/49 MP: 5/5
  1813 | D:4      | Found Tuiseiklusm's Assorted Antiques.
  1830 | D:4      | Reached XP level 6. HP: 25/56 MP: 6/6
  2185 | D:4      | Reached XP level 7. HP: 7/64 MP: 7/7
  2238 | D:4      | Reached skill level 5 in Armour
  2238 | D:4      | Reached skill level 5 in Shields
  2373 | D:4      | Found Ikeesil's Food Boutique.
  2508 | D:4      | Found Hoacwikhi's Magic Scroll Shoppe.
  2513 | D:4      | Bought a scroll of random uselessness for 14 gold pieces
  2516 | D:4      | Noticed Natasha
  2519 | D:4      | Killed from afar by a shadow imp

Illustrated notes

Levels and vault maps discovered:
D:1:      minmay_arrival_glassed_features, layout_loops_ring,
          minmay_heptomino_w4
D:2:      layout_basic, grunt_ministairs_9, chequers_garden
D:3:      layout_rooms, uniq_sigmund, uniq_jessica
D:4:      minmay_opposing_rooms, layout_loops_ring, serial_shops, shop_coins,
          nicolae_shop_competitors_out_of_business, nicolae_shop_stone,
          uniq_natasha

Skill      XL: |  1  2  3  4  5  6  7 |
---------------+----------------------+-----
Dodging        | 1 2 3 |  3.0
Fighting       | 3 4 |  4.4
Axes           | 3 4 |  4.9
Armour         | 4 5 |  5.0
Shields        | 4 5 |  5.3

Action                   |  1- 3 |  4- 6 |  7- 9 || total
-------------------------+-------+-------+-------++-------
Melee: Hand axe          |    82 |       |       ||    82
       War axe           |    20 |   118 |    56 ||   194
Throw: Boomerang         |       |     6 |    10 ||    16
 Abil: Heal Wounds       |       |     1 |       ||     1
  Use: Potion            |     2 |     3 |     5 ||    10
       Scroll            |     3 |     4 |     1 ||     8
 Stab: Invisible         |       |       |     2 ||     2
  Eat: Chunk             |       |     1 |     1 ||     2
       Ration            |       |     1 |       ||     1
Armor: Scale mail        |    20 |    27 |    24 ||    71
       Skin              |     8 |    14 |       ||    22
Dodge: Dodged            |    25 |    28 |    26 ||    79
Block: Kite shield       |    42 |    64 |    20 ||   126

Table legend:
 A = Non-vault XP
 B = Vault XP
 C = Vault XP percentage of total XP
 D = Non-vault monster count
 E = Vault monster count
 F = Vault count percentage of total count
                 A         B        C        D         E       F
            +---------+---------+-------+---------+---------+-------
      Total |     533 |     499 |  48.4 |      48 |      19 |  28.4
            +---------+---------+-------+---------+---------+-------
        D:1 |      12 |      13 |  52.0 |       8 |       8 |  50.0
        D:2 |      18 |       4 |  18.2 |       4 |       2 |  33.3
        D:3 |      35 |     257 |  88.0 |      14 |       2 |  12.5
        D:4 |     468 |     225 |  32.5 |      22 |       7 |  24.1
            +---------+---------+-------+---------+---------+-------
